 Dungeon Crawl Stone Soup version 0.29.0-5-ge4962eb29e (webtiles) character file.

Game seed: 10425180792892866575

5244 Flugkiller the Cleaver (level 10, -9/90 HPs)
             Began as a Minotaur Fighter on Aug 29, 2022.
             Was an Elder of Okawaru.
             Killed by divine providence
             ... invoked by an orc priest
              (13 damage)
             ... while paralysed by a hornet
             ... on level 9 of the Dungeon.
             The game lasted 00:04:19 (9067 turns).

Flugkiller the Cleaver (Minotaur Fighter)           Turns: 9067, Time: 00:04:20

Health: -9/90      AC: 12    Str: 22    XL:     10   Next: 36%
Magic:  13/13      EV:  2    Int:  5    God:    Okawaru [****..]
Gold:   391        SH:  0    Dex: 13    Spells: 9/9 levels left

rFire   . . .      SeeInvis .   K - +3 war axe (freeze)
rCold   . . .      Faith    .   c - +0 buckler
rNeg    . . .      Spirit   .   b - +0 scale mail
rPois   .          Reflect  .   u - +1 hat
rElec   .          Harm     .   (no cloak)
rCorr   .          Rampage  .   o - +0 pair of gloves
Will    .....                   G - +0 pair of boots
Stlth   ..........              (no amulet)
HPRegen 0.25/turn               v - +4 ring of evasion
MPRegen 0.13/turn               j - +4 ring of slaying

@: paralysed, lethally poisoned (-9 -> -25), slowed
A: horns 2, retaliatory headbutt
a: Renounce Religion, Heroism, Finesse


You were on level 9 of the Dungeon.
You worshipped Okawaru.
Okawaru was greatly pleased with you.
You visited 1 branch of the dungeon, and saw 9 of its levels.

You collected 391 gold pieces.

Inventory:

Hand Weapons
 y - a +0 broad axe of freezing
   (You found it on level 8 of the Dungeon)
 K - a +3 war axe of freezing (weapon)
   (You took it off a wight on level 7 of the Dungeon)
Missiles
 m - 18 boomerangs (quivered)
Armour
 b - a +0 scale mail (worn)
 c - a +0 buckler (worn)
 o - a +0 pair of gloves (worn)
   (You found it on level 2 of the Dungeon)
 u - a +1 hat (worn)
   (You found it on level 3 of the Dungeon)
 G - a +0 pair of boots (worn)
   (You found it on level 6 of the Dungeon)
Jewellery
 i - a ring of see invisible
   (You found it on level 3 of the Dungeon)
 j - a +4 ring of slaying (right hand)
   (You found it on level 1 of the Dungeon)
 k - a ring of resist corrosion
   (You found it on level 7 of the Dungeon)
 p - a +4 ring of protection
   (You found it on level 4 of the Dungeon)
 v - a +4 ring of evasion (left hand)
   (You found it on level 8 of the Dungeon)
 F - a ring of flight
   (You found it on level 6 of the Dungeon)
Wands
 s - a wand of roots (8)
   (You found it on level 8 of the Dungeon)
 w - a wand of mindburst (15)
   (You found it on level 4 of the Dungeon)
 C - a wand of light (11)
   (You found it on level 5 of the Dungeon)
Scrolls
 h - 3 scrolls of enchant armour
 l - 3 scrolls of magic mapping
 r - 3 scrolls of identify
 t - 6 scrolls of teleportation
 z - 2 scrolls of blinking
 I - a scroll of silence
 L - a scroll of immolation
Potions
 a - a potion of ambrosia {unknown}
 d - 3 potions of might
 e - 2 potions of mutation {unknown}
 f - 4 potions of heal wounds {unknown}
 g - 2 potions of invisibility {unknown}
 n - 5 potions of attraction {unknown}
 q - 5 potions of haste {unknown}
 x - a potion of berserk rage {unknown}
 A - 2 potions of resistance {unknown}
 B - 8 potions of curing {unknown}
 E - 2 potions of flight {unknown}


   Skills:
 + Level 8.5 Fighting
 * Level 11.4 Axes
 + Level 5.7 Throwing
 + Level 8.6 Armour
 - Level 3.6 Shields
 + Level 5.5 Invocations


You had 9 spell levels left.
You didn't know any spells.
Your spell library was empty.

Dungeon Overview and Level Annotations

Branches:
Dungeon (9/15)             Temple (0/1) D:5
   Lair: D:8-11         Orc: D:9-12

Altars:
Ashenzari
Cheibriados
Dithmenos
Elyvilon
Hepliaklqana
Okawaru
Qazlal
Trog
Wu Jian


Innate Abilities, Weirdness & Mutations

You have a pair of horns on your head.
You reflexively headbutt those who attack you in melee.


Message History

You now have 391 gold pieces (gained 15).
Things that are here:
a +0 dagger; an orc corpse An orc comes into view.
It is wielding a +0 flail.
Found 5 gold pieces.
The orc shouts!
You hear an angry buzzing noise.
You hear a shout! x2
Things that are here:
a +0 giant club; a +0 mace; an orc corpse An orc is nearby!
An orc is nearby!
An orc wizard comes into view. It is wielding a +0 dagger.
The orc wizard shouts!
You closely miss the orc. You headbutt the orc!
You kill the orc!
Okawaru accepts your kill. The orc wizard casts a spell at you.
The magic dart hits you.
An orc priest and a hornet come into view.
The hornet buzzes angrily.
The orc priest shouts!
You hear a shout!
An orc comes into view.
It is wielding a +0 short sword of flaming.
The orc wizard hits you but does no damage.
You hear a shout!
You see here a +0 flail.
You hit the orc wizard. You freeze the orc wizard.
The orc wizard is heavily wounded.
The hornet stings you!
You are poisoned.
You feel yourself slow down.
A goblin comes into view. It is wielding a +0 dagger.
The orc wizard gestures at you while chanting.
You easily resist.
You closely miss the orc wizard.
The orc wizard is heavily wounded.
You completely miss the hornet.
You feel very sick.
The goblin shouts!
The hornet stings you!
You feel as though you will be slow longer.
You block the orc wizard's attack.
You slice the orc wizard!! You freeze the orc wizard.
You kill the orc wizard!
Okawaru accepts your kill.
You hit the hornet. You freeze the hornet.
You feel sick. The hornet stings you.
You feel as though you will be slow longer.
The hornet barely misses you.
The orc priest looks satisfied for a moment.
An orc priest comes into view. It is wielding a +0 mace.
You closely miss the hornet.
The hornet is moderately wounded.
You feel sick. The hornet misses you. The hornet completely misses you.
You furiously retaliate!
You headbutt the hornet! You hit the hornet. You freeze the hornet.
The hornet is heavily wounded.
You slash the orc priest! You freeze the orc priest.
You kill the orc priest!
Okawaru accepts your kill.
You feel sick. The hornet misses you.
The orc priest calls down the wrath of Beogh upon you.
Beogh smites you!
You slash the hornet! You freeze the hornet.
The hornet is almost dead.
You hit the goblin. You freeze the goblin.
You kill the goblin!
Okawaru accepts your kill.
You feel sick. The hornet stings you!
* * * LOW HITPOINT WARNING * * *
You feel as though you will be slow longer.
You block the hornet's attack.
You are too injured to fight recklessly!
You are too injured to fight recklessly!
There are monsters nearby!
You feel sick.
A hobgoblin comes into view.
The hornet barely misses you.
The orc priest casts a cantrip, but nothing happens.
The hobgoblin shouts!
You hit the hornet but do no damage.
You headbutt the hornet, but do no damage.
The hornet is almost dead.
You feel sick. The hornet stings you!
* * * LOW HITPOINT WARNING * * *
You are more poisoned.
You suddenly lose the ability to move!
The hornet stings you but does no damage.
* * * LOW HITPOINT WARNING * * *
You feel very sick. The hornet stings you.
* * * LOW HITPOINT WARNING * * *
You are more poisoned.
You feel as though you will be slow longer.
An orc comes into view. It is wielding a +0 whip.
You feel like a meek peon again.
* * * LOW HITPOINT WARNING * * *
You feel very sick.
The orc shouts!
The hornet barely misses you.
The orc priest mumbles some strange prayers to Beogh against you.
Beogh smites you!
You die...

# ###.###.# # #.# #.#
# #.# #.## # #.#
##)#### # #.# #.##.##
# #.# #.#)#..# # #.#
#.#.)..# # #.#
###)#.#$# ## #.# #.#@#
.##### #.# .##y#
#....# #.## .#..oo.#
##...###..#..##.#g#..#
#.........## .# .$ .#
.#..####### .. ##. .#
##..# ... o. .. ##..#
### #. # #..# #.


You could see a hornet, an orc priest, 2 orcs and a hobgoblin.

Vanquished Creatures
  2 hornets
  3 trolls (D:9)
  A shadow (D:9)
  2 wyverns
  A steam dragon (D:9)
  A water moccasin (D:8)
  4 ice beasts
  4 orc warriors
  2 ogres
  A centaur (D:7)
  A kobold brigand (D:7)
  2 bullfrogs
  3 necrophages
  A gnoll sergeant (D:7)
  3 scorpions
  15 wights
  4 killer bees
  A howler monkey (D:9)
  2 hounds
  3 jellies
  7 orc priests
  A gnoll bouda (D:6)
  3 iguanas
  5 orc wizards
  6 adders
  16 gnolls
  A shadow imp (D:6)
  A white imp (D:6)
  4 worms
  4 dart slugs
  44 orcs
  3 ball pythons
  8 endoplasms
  5 giant cockroaches
  7 goblins
  3 hobgoblins
  3 jackals (D:1)
  5 quokkas
  3 bats
  7 frilled lizards
  7 kobolds
  10 rats
209 creatures vanquished.

Notes
Turn   | Place    | Note
-------+----------+-------------------------------------------
     0 | D:1      | Flugkiller the Minotaur Fighter began the quest for the
                  | Orb.
     0 | D:1      | Reached XP level 1. HP: 19/19 MP: 0/0
   270 | D:1      | Reached skill level 3 in Axes
   270 | D:1      | Reached XP level 2. HP: 19/27 MP: 1/1
   887 | D:1      | Found a faded altar of an unknown god.
  1130 | D:2      | Reached XP level 3. HP: 33/33 MP: 2/2
  1566 | D:2      | Reached skill level 4 in Axes
  1859 | D:3      | Found an ornate altar of the Wu Jian Council.
  1861 | D:3      | Reached XP level 4. HP: 40/40 MP: 3/3
  2814 | D:3      | Reached skill level 5 in Axes
  2814 | D:3      | Reached XP level 5. HP: 28/47 MP: 4/4
  3073 | D:4      | Found a bloodstained altar of Trog.
  3231 | D:4      | Reached skill level 5 in Fighting
  3231 | D:4      | Reached skill level 1 in Throwing
  3231 | D:4      | Reached skill level 5 in Armour
  3231 | D:4      | Reached XP level 6. HP: 56/56 MP: 5/5
  3323 | D:4      | Found a broken altar of Ashenzari.
  3505 | D:4      | Found a stormy altar of Qazlal.
  3506 | D:4      | Found an iron altar of Okawaru.
  3507 | D:4      | Found a snail-covered altar of Cheibriados.
  3508 | D:4      | Found a shadowy altar of Dithmenos.
  3514 | D:4      | Became a worshipper of Warmaster Okawaru
  3772 | D:5      | Entered Level 5 of the Dungeon
  3831 | D:5      | Reached skill level 6 in Axes
  3924 | D:5      | Found a staircase to the Ecumenical Temple.
  3983 | D:5      | Reached skill level 1 in Invocations
  4041 | D:5      | Reached XP level 7. HP: 61/61 MP: 6/6
  4331 | D:5      | Found a hazy altar of Hepliaklqana.
  4627 | D:6      | Reached * piety under Okawaru
  4733 | D:6      | Reached skill level 7 in Axes
  5044 | D:6      | Reached XP level 8. HP: 67/70 MP: 8/8
  5353 | D:7      | Reached ** piety under Okawaru
  5354 | D:7      | Reached skill level 8 in Axes
  6055 | D:7      | Found a white marble altar of Elyvilon.
  6121 | D:7      | Reached skill level 9 in Axes
  6122 | D:7      | Reached XP level 9. HP: 65/79 MP: 7/10
  6310 | D:7      | Reached *** piety under Okawaru
  7121 | D:8      | Reached skill level 10 in Axes
  7411 | D:8      | Reached skill level 5 in Throwing
  7635 | D:8      | Reached **** piety under Okawaru
  7952 | D:9      | Noticed a troll
  7953 | D:9      | Noticed a troll
  7960 | D:9      | Killed a troll
  7961 | D:9      | Reached skill level 5 in Invocations
  7961 | D:9      | Reached XP level 10. HP: 55/88 MP: 10/12
  7972 | D:9      | Reached skill level 11 in Axes
  8340 | D:9      | Noticed an ice dragon
  9065 | D:9      | Paralysed by a hornet for 3 turns
  9067 | D:9      | HP: 4/90 [poisoned by a hornet]
  9067 | D:9      | Killed from afar by an orc priest

Illustrated notes

Levels and vault maps discovered:
D:1:      sevenhm_arrival_forest_fort_large_2, layout_loops_ring,
          shapermc_ecumenical_altar_hornbeckon
D:2:      layout_loops_ring
D:3:      layout_basic, mainiacjoe_overflow_catwalk, serial_aquarium,
          aquarium_bridge_square [aquarium_subvault_wall,
          aquarium_subvault_window, aquarium_subvault_bridge,
          aquarium_subvault_bridge], aquarium_bridge_square
          [aquarium_subvault_wall, aquarium_subvault_bridge,
          aquarium_subvault_bridge, aquarium_subvault_wall], aquarium_window_1,
          aquarium_window_fake, aquarium_view_2d, aquarium_view_4,
          aquarium_pool_S, reono_crystal_passage,
          amcnicky_mini_rare_corridor_liquid, minmay_diced_spiral
D:4:      layout_cave_pods, mainiacjoe_overflow_alcove_3,
          mainiacjoe_overflow_large_starburst
D:5:      layout_loops_ring, nzn_hepliaklqana_mist_gate,
          minmay_temple_entry_fiery
D:6:      layout_basic, uniq_edmund
D:7:      layout_basic, nicolae_elyvilon_peaceful_grove
D:8:      layout_loops_ring, nrook_mini_backslash
D:9:      dragon1_lemuel, layout_loops_ring, erik_orc_3, enter_bailey_2,
          st_stairs_4, amcnicky_mini_pool_medium

Skill      XL: |  1  2  3  4  5  6  7  8  9 10 |
---------------+-------------------------------+-----
Axes           | 3 4 5 6 7 9 10 11 | 11.4
Fighting       | 4 5 6 7 8 |  8.5
Armour         | 4 5 6 7 8 |  8.6
Throwing       | 1 2 4 5 |  5.7
Invocations    | 1 2 3 5 |  5.5
Shields        | |  3.6

Action                   |  1- 3 |  4- 6 |  7- 9 | 10-12 || total
-------------------------+-------+-------+-------+-------++-------
Melee: War axe           |    92 |    86 |   216 |    46 ||   440
       Headbutt          |    10 |    19 |    45 |     7 ||    81
Invok: Heroism           |       |       |    10 |     4 ||    14
  Use: Scroll            |       |       |    12 |     1 ||    13
Armor: Scale mail        |    39 |    32 |    97 |    14 ||   182
Dodge: Dodged            |    36 |    34 |    92 |    25 ||   187
Block: Buckler           |    15 |    18 |    54 |     7 ||    94
